 Dungeon Crawl Stone Soup version 0.30-a0-1043-g60ff8d5f49 (webtiles) character file.

Game seed: 2645295317515400903

70 Darkkill the Shooter (level 4, -3/38 HPs)
             Began as a Minotaur Hunter on Apr 10, 2023.
             Slain by a gnoll
             ... wielding a +0 flail of protection
              (6 damage)
             ... on level 2 of the Dungeon.
             The game lasted 00:01:51 (893 turns).

Darkkill the Shooter (Minotaur Hunter)               Turns: 893, Time: 00:01:52

Health: -3/38      AC:  8    Str: 16    XL:     4   Next: 4%
Magic:  3/3        EV: 12    Int:  6    God:
Gold:   19         SH:  0    Dex: 15    Spells: 3/3 levels left

rFire   . . .      SeeInvis .    a - +0 shortbow
rCold   . . .      Faith    .    (shield currently unavailable)
rNeg    . . .      Spirit   .    c - +0 leather armour
rPois   .          Reflect  .    (helmet restricted)
rElec   .          Rampage  .    (no cloak)
rCorr   .                        (no gloves)
Will    .....                    i - +0 pair of boots
Stlth   ++                       (no amulet)
HPRegen 0.26/turn                h - +4 ring of protection
MPRegen 0.08/turn                (no ring)

@: no status effects
A: horns 2, retaliatory headbutt
a: no special abilities


You were on level 2 of the Dungeon.
You visited 1 branch of the dungeon, and saw 2 of its levels.

You collected 19 gold pieces.

Inventory:

Hand Weapons
 a - a +0 shortbow (weapon)
Missiles
 d - 12 stones
Armour
 c - a +0 leather armour (worn)
 i - a +0 pair of boots (worn)
Jewellery
 h - a +4 ring of protection (left hand)
Scrolls
 b - a scroll of immolation
Potions
 f - a potion of invisibility
 j - a potion of heal wounds


   Skills:
 + Level 3.3 Fighting
 + Level 4.9 Ranged Weapons
 + Level 3.0 Dodging
 + Level 1.8 Stealth


You had 3 spell levels left.
You didn't know any spells.
Your spell library was empty.

Dungeon Overview and Level Annotations

Branches:
Dungeon (2/15)

Altars:


Innate Abilities, Weirdness & Mutations

You have a pair of horns on your head.
You reflexively headbutt those who attack you in melee.


Message History

You shoot an arrow. The arrow closely misses the gnoll.
The arrow hits the gnoll.
The gnoll is lightly wounded.
Fire: a) +0 shortbow
Press: ? - help, Q - select action, (/) - cycle Shift-Dir - straight line, f/p - gnoll
Aim: a gnoll, wielding a +0 whip (lightly wounded, 65% to hit)
You shoot an arrow. The arrow hits the gnoll!
The gnoll is almost dead.
Fire: a) +0 shortbow
Press: ? - help, Q - select action, (/) - cycle Shift-Dir - straight line, f/p - gnoll
Aim: a gnoll, wielding a +0 whip (almost dead, 65% to hit)
You shoot an arrow. The arrow hits the gnoll!
You kill the gnoll!
Your Dodging skill increases to level 3!
You have reached level 4!
You feel stronger.
Fire: a) +0 shortbow
Press: ? - help, Q - select action, (/) - cycle Shift-Dir - straight line, f - gnoll
Aim: a gnoll, wielding a +0 flail of protection (lightly wounded, 65% to hit)
You shoot an arrow. The arrow closely misses the gnoll.
Fire: a) +0 shortbow
Press: ? - help, Q - select action, (/) - cycle Shift-Dir - straight line, f/p - gnoll
Aim: a gnoll, wielding a +0 flail of protection (lightly wounded, 65% to hit)
You shoot an arrow. The arrow barely misses the gnoll.
The gnoll closely misses you.
Fire: a) +0 shortbow
Press: ? - help, Q - select action, (/) - cycle Shift-Dir - straight line, f/p - gnoll
Aim: a gnoll, wielding a +0 flail of protection (65% to hit)
You shoot an arrow. The arrow hits the gnoll.
The gnoll is lightly wounded.
The gnoll hits you with a +0 flail of protection!
Fire: a) +0 shortbow
Press: ? - help, Q - select action, (/) - cycle Shift-Dir - straight line, f/p - gnoll
Aim: a gnoll, wielding a +0 flail of protection (lightly wounded, 65% to hit)
You shoot an arrow. The arrow barely misses the gnoll.
The gnoll hits you with a +0 flail of protection!
The endoplasm freezes you.
You are frozen.
Fire: a) +0 shortbow
Press: ? - help, Q - select action, (/) - cycle Shift-Dir - straight line, f/p - gnoll
Aim: a gnoll, wielding a +0 flail of protection (lightly wounded, 65% to hit)
You shoot an arrow.
The arrow hits the gnoll but does no damage.
The gnoll is lightly wounded.
The gnoll completely misses you. The endoplasm freezes you.
You are frozen.
Fire: a) +0 shortbow
Press: ? - help, Q - select action, (/) - cycle Shift-Dir - straight line, f/p - gnoll
Aim: a gnoll, wielding a +0 flail of protection (lightly wounded, 65% to hit)
You shoot an arrow.
The arrow hits the gnoll but does no damage.
The gnoll is lightly wounded.
The gnoll closely misses you. The endoplasm completely misses you.
The gnoll barely misses you.
Fire: a) +0 shortbow
Press: ? - help, Q - select action, (/) - cycle Shift-Dir - straight line, f/p - gnoll
Aim: a gnoll, wielding a +0 flail of protection (lightly wounded, 65% to hit)
You shoot an arrow. The arrow hits the gnoll.
The gnoll is moderately wounded.
The endoplasm freezes you.
You are frozen.
The gnoll hits you with a +0 flail of protection.
* * * LOW HITPOINT WARNING * * *
Fire: a) +0 shortbow
Press: ? - help, Q - select action, (/) - cycle Shift-Dir - straight line, f/p - gnoll
Aim: a gnoll, wielding a +0 flail of protection (moderately wounded, 65% to hit)
You shoot an arrow.
The arrow hits the gnoll but does no damage.
The gnoll is moderately wounded.
The endoplasm splashes around in the water.
The gnoll hits you with a +0 flail of protection.
* * * LOW HITPOINT WARNING * * *
The endoplasm freezes you.
You are frozen.
* * * LOW HITPOINT WARNING * * *
Fire: a) +0 shortbow
Press: ? - help, Q - select action, (/) - cycle Shift-Dir - straight line, f/p - gnoll
Aim: a gnoll, wielding a +0 flail of protection (moderately wounded, 65% to hit)
You shoot an arrow. The arrow closely misses the gnoll.
The gnoll misses you.
The endoplasm hits you but does no damage.
The gnoll misses you.
Fire: a) +0 shortbow
Press: ? - help, Q - select action, (/) - cycle Shift-Dir - straight line, f/p - gnoll
Aim: a gnoll, wielding a +0 flail of protection (moderately wounded, 65% to hit)
You shoot an arrow.
The arrow hits the gnoll but does no damage.
The gnoll is moderately wounded.
The endoplasm closely misses you. You furiously retaliate!
You headbutt the endoplasm. The gnoll barely misses you.
Fire: a) +0 shortbow
Press: ? - help, Q - select action, (/) - cycle Shift-Dir - straight line, f/p - gnoll
Aim: a gnoll, wielding a +0 flail of protection (moderately wounded, 65% to hit)
You shoot an arrow. The arrow barely misses the gnoll.
The endoplasm freezes you.
You are frozen.
* * * LOW HITPOINT WARNING * * *
The gnoll hits you with a +0 flail of protection.
You die...

.....#####.###..##
.................#
......~~~≈~.~~~~.#
#####.~≈≈~~.~≈≈~.#
#.~≈≈~≈.≈≈≈~.#
##.~≈≈≈~.~≈≈~.#
#....†...~~~~.#
#..~~≈~.......#
#..~≈≈~.~≈~~≈@#
#..≈≈~≈.~≈≈≈Jg#
#..~≈≈~.~≈≈≈~).#
#.[~~~≈.~~~~~..#
#..............#
#.#....##.)###.#
#.#..## #... .#
#.. ## ..


You could see a gnoll and an endoplasm.

Vanquished Creatures
  2 adders (D:2)
  3 gnolls
  5 endoplasms (D:1)
  2 goblins (D:1)
  A hobgoblin (D:1)
  2 kobolds (D:1)
  5 ball pythons
  4 bats (D:1)
  2 frilled lizards (D:1)
26 creatures vanquished.

Notes
Turn   | Place    | Note
-------+----------+-------------------------------------------
     0 | D:1      | Darkkill the Minotaur Hunter began the quest for the Orb.
     0 | D:1      | Reached XP level 1. HP: 18/18 MP: 0/0
   108 | D:1      | Reached skill level 1 in Stealth
   108 | D:1      | Reached XP level 2. HP: 25/25 MP: 1/1
   553 | D:1      | Found a faded altar of an unknown god.
   561 | D:1      | Reached XP level 3. HP: 31/31 MP: 2/2
   883 | D:2      | Reached XP level 4. HP: 38/38 MP: 3/3
   890 | D:2      | HP: 3/38 [frozen (5)]
   893 | D:2      | Slain by a gnoll

Illustrated notes

Levels and vault maps discovered:
D:1:      dpeg_arrival_renting, layout_loops_cross,
          hellmonk_ecumenical_altar_inner_sanctum, minmay_misc_feat_x
D:2:      minmay_inner_zag, layout_basic, basic_altar, minivault_14

Skill      XL: |  1  2  3 |
---------------+----------+-----
Stealth        | 1 |  1.8
Fighting       | 3 |  3.3
Dodging        | 3 |  3.0
Ranged Weapons | |  4.9

Action                     |  1- 3 |  4- 6 || total
---------------------------+-------+-------++-------
   Fire: Shortbow          |    75 |    11 ||    86
    Use: Scroll            |     3 |       ||     3
 Armour: Leather armour    |     9 |     1 ||    10
  Dodge: Dodged            |    29 |     9 ||    38

Table legend: (Time is in decaauts)
 A = Elapsed time spent in this place.
 B = Non-inter-level travel time spent in this place.
 C = Inter-level travel time spent in this place.
 D = Time resting spent in this place.
 E = Time spent auto-exploring this place.
 F = Levels seen in this place.
 G = Mean time per level.
                   A        B        C        D        E       F      G
               +--------+--------+--------+--------+--------+-----+--------+
         Total |    917 |    917 |      0 |      0 |    735 |   2 |  458.5 |
       Dungeon |    917 |    917 |      0 |      0 |    735 |   2 |  458.5 |
               +--------+--------+--------+--------+--------+-----+--------+

Top non-repeatable levels by time:
     D:1: 844 daAuts
     D:2: 73 daAuts

Table legend:
 A = Kills in this place as a percentage of kills in the entire game.
 B = Kills by you in this place as a percentage of kills by you in the entire game.
 C = Kills by friends in this place as a percentage of kills by friends in the entire game.
 D = Other kills in this place as a percentage of other kills in the entire game.
 E = Experience gained in this place as a percentage of experience gained in the entire game.
 F = Experience gained in this place divided by the number of levels of this place that you have seen.
                   A       B       C       D       E      F
               +-------+-------+-------+-------+-------+----------------------
         Total | 100.0 | 100.0 |   N/A |   N/A | 100.0 |  50.5
       Dungeon | 100.0 | 100.0 |   N/A |   N/A | 100.0 |  50.5
               +-------+-------+-------+-------+-------+----------------------
